 Dungeon Crawl Stone Soup version 0.24-a0-117-g53b51606c3 (webtiles) character file.

Game seed: 8195648848081485813

37 Morbidden the Insei (level 3, -1/20 HPs)
             Began as a Vine Stalker Monk on Feb 18, 2019.
             Slain by a kobold
             ... wielding a +1 short sword of draining
              (3 damage)
             ... on level 1 of the Dungeon.
             The game lasted 00:01:00 (982 turns).

Morbidden the Insei (Vine Stalker Monk)              Turns: 982, Time: 00:01:01

Health: -1/20      AC:  2    Str: 14    XL:     3   Next: 41%
Magic:  0/4        EV: 12    Int: 10    God:
Gold:   15         SH:  0    Dex: 16    Spells: 3/3 levels left

rFire    . . .     SeeInvis .     - Unarmed
rCold    . . .     Gourm    .   (no shield)
rNeg     . . .     Faith    .   a - +0 robe
rPois    .         Spirit   +   (no helmet)
rElec    .         Reflect  .   (no cloak)
rCorr    .         Harm     .   (no gloves)
MR       .....                  (no boots)
Stlth    ++........             (no amulet)
HPRegen  0.06/turn              (no ring)
MPRegen  0.09/turn              (no ring)

@: drained
A: fangs 2, magic shield, antimagic bite, no potion heal 3, rot immunity
a: no special abilities


You were on level 1 of the Dungeon.
You were not hungry.

You visited 1 branch of the dungeon, and saw 1 of its levels.

You collected 15 gold pieces.

Inventory:

Armour
 a - a +0 robe (worn)
Scrolls
 d - a scroll of immolation {unknown}
Potions
 c - a potion of curing {unknown}
 e - a potion of ambrosia {unknown}
Comestibles
 b - 2 rations


   Skills:
 * Level 3.0(2.0) Fighting
 + Level 2.7(1.7) Dodging
 + Level 2.6(1.5) Stealth
 * Level 3.5(2.4) Unarmed Combat
 * Level 0.5(0.0) Spellcasting


You had 3 spell levels left.
You didn't know any spells.
Your spell library was empty.

Dungeon Overview and Level Annotations

Branches:
Dungeon (1/15)

Altars:


Innate Abilities, Weirdness & Mutations

You have extremely sharp teeth.
When hurt, damage is shared between your health and your magic reserves.
Your bite disrupts and absorbs the magic of your enemies.
Potions cannot restore your health.
You are immune to rotting.


Message History

You feel invigorated.
The kobold is heavily wounded.
The kobold hits you with a +1 short sword of draining.
You feel drained.
* * * LOW HITPOINT WARNING * * *
You barely miss the kobold.
The kobold is heavily wounded.
The kobold closely misses you.
Unknown command.
You barely miss the kobold. Your bite misses the kobold.
The kobold is heavily wounded.
The kobold hits you with a +1 short sword of draining.
* * * LOW HITPOINT WARNING * * *
You feel drained.
* * * LOW HITPOINT WARNING * * *
Unknown command.
You hit the kobold but do no damage. Your bite misses the kobold.
The kobold is heavily wounded.
The kobold hits you with a +1 short sword of draining.
You die...

##...#.# #.
#....#.## #.
####.........
#.
#........#...
#.
#........###.#
#. #...#..###
# #. #...####
#. #......# ##
#.@K##.# ###.
#...# .. ##...
#...#
#.#≈≈≈##....
#####
#.##≈≈≈#....
#.≈≈≈≈≈≈.≈..
#...≈≈≈≈≈≈≈.
#..≈.≈≈≈≈≈≈≈
#..≈≈≈P≈P≈P
#...≈.≈≈≈≈≈


You could see a kobold.

Vanquished Creatures
  3 oozes (D:1)
  2 dart slugs (D:1)
  A leopard gecko (D:1)
  2 bats (D:1)
  A giant cockroach (D:1)
  4 hobgoblins (D:1)
  2 kobolds (D:1)
  4 frilled lizards (D:1)
19 creatures vanquished.

Notes
Turn   | Place    | Note
-------+----------+-------------------------------------------
     0 | D:1      | Morbidden the Vine Stalker Monk began the quest for the
                  | Orb.
     0 | D:1      | Reached XP level 1. HP: 11/11 MP: 2/2
   357 | D:1      | Reached XP level 2. HP: 15/16 MP: 3/3
   561 | D:1      | Reached XP level 3. HP: 17/20 MP: 4/4
   982 | D:1      | Slain by a kobold

Levels and vault maps discovered:
D:1:      minmay_arrival_jagged, layout_rooms, chequers_big_river

Skill      XL: |  1  2 |
---------------+-------+-----
Fighting       | 3 |  3.0
Dodging        | |  2.7
Stealth        | |  2.6
Unarmed Combat | |  3.5
Spellcasting   | |  0.5

Action                   || total
-------------------------++-------
Melee: Unarmed           ||    68
       Bite              ||    20
       Punch             ||     1
 Stab: Sleeping          ||     4
Armor: Robe              ||    11
Dodge: Dodged            ||    44

Table legend:
 A = Non-vault XP
 B = Vault XP
 C = Vault XP percentage of total XP
 D = Non-vault monster count
 E = Vault monster count
 F = Vault count percentage of total count
                 A         B        C        D         E       F
            +---------+---------+-------+---------+---------+-------
      Total |      54 |       0 |   0.0 |      19 |       0 |   0.0
            +---------+---------+-------+---------+---------+-------
        D:1 |      54 |       0 |   0.0 |      19 |       0 |   0.0
            +---------+---------+-------+---------+---------+-------
